 Dungeon Crawl Stone Soup version 0.27.1-3-gb3d3a73c9e (webtiles) character file.

Game seed: 582041609832602245

13962 Elvor the Thaumaturge (level 11, 0/67 HPs)
             Began as a Deep Elf Conjurer on Oct 8, 2021.
             Was an Elder of Vehumet.
             Shot with an arrow by a centaur (12 damage)
             ... on level 11 of the Dungeon.
             The game lasted 01:37:38 (9441 turns).

Elvor the Thaumaturge (Deep Elf Conjurer)           Turns: 9441, Time: 01:37:38

Health: 0/67       AC: 12    Str:  4    XL:     11   Next: 82%
Magic:  28/30      EV: 18    Int: 30    God:    Vehumet [****..]
Gold:   470        SH:  4    Dex: 13    Spells: 21/36 levels left

rFire    . . .     SeeInvis .   M - +4 hunting sling of Focus {flame, Int+3}
rCold    . . .     Faith    .   F - +0 buckler
rNeg     . . .     Spirit   .   D - +0 steam dragon scales
rPois    .         Reflect  .   n - +0 helmet
rElec    .         Harm     .   y - +2 cloak
rCorr    .         Rampage  .   O - +0 pair of gloves
Will     +....                  i - +0 pair of boots
Stlth    +++.......             B - amulet of magic regeneration
HPRegen  0.21/turn              q - ring of flight
MPRegen  0.47/turn              k - +4 ring of evasion

@: flying
A: no striking features
a: Renounce Religion


You were on level 11 of the Dungeon.
You worshipped Vehumet.
Vehumet was greatly pleased with you.
You visited 2 branches of the dungeon, and saw 13 of its levels.
You also visited: Ossuary.

You collected 678 gold pieces.
You spent 208 gold pieces at shops.

Inventory:

Hand Weapons
 z - a +2 dagger of draining
 M - the +4 hunting sling of Focus (weapon) {flame, Int+3}
   (You found it on level 9 of the Dungeon)

   Any ammunition fired from it burns those it strikes, dealing additional fire
   damage.
   Int:       It affects your intelligence (+3).
Missiles
 c - 14 boomerangs
 e - 262 stones
 o - 58 sling bullets (quivered ammo)
 K - 7 poisoned darts
 N - a curare-tipped dart
Armour
 i - a +0 pair of boots (worn)
 n - a +0 helmet (worn)
 y - a +2 cloak (worn)
 D - +0 steam dragon scales (worn)
 E - +0 acid dragon scales
 F - a +0 buckler (worn)
 G - a +2 robe of willpower
 O - a +0 pair of gloves (worn)
Jewellery
 k - a +4 ring of evasion (right hand)
 q - a ring of flight (left hand)
 B - an amulet of magic regeneration (around neck)
Wands
 C - a wand of iceblast (8)
 I - a wand of polymorph (5)
 J - a wand of digging (4)
Scrolls
 b - a scroll of fear {unknown}
 d - a scroll of enchant armour {unknown}
 l - 2 scrolls of torment {unknown}
 m - 3 scrolls of enchant weapon
 p - 4 scrolls of noise
 s - a scroll of brand weapon {unknown}
 t - 2 scrolls of fog {unknown}
 u - 3 scrolls of teleportation
 w - 2 scrolls of blinking {unknown}
 H - 2 scrolls of holy word {unknown}
 L - 2 scrolls of magic mapping {unknown}
Potions
 a - 3 potions of flight
 f - 7 potions of brilliance
 g - 2 potions of berserk rage
 h - 3 potions of cancellation
 j - a potion of degeneration
 r - 3 potions of lignification
 v - a potion of magic
 x - a potion of mutation {unknown}
 A - 4 potions of curing
 P - 2 potions of heal wounds {unknown}


   Skills:
 * Level 7.1 Fighting
 + Level 0.5 Short Blades
 + Level 2.9 Throwing
 + Level 4.0 Armour
 + Level 6.7 Dodging
 + Level 6.7 Stealth
 + Level 1.3 Shields
 + Level 13.0 Spellcasting
 + Level 11.5 Conjurations
 + Level 1.5 Translocations
 + Level 2.3 Evocations


You had 21 spell levels left.
You knew the following spells:

 Your Spells              Type           Power      Damage    Failure   Level
a - Magic Dart            Conj           100%       1d8       1%          1
b - Searing Ray           Conj           100%       3d7       1%          2
c - Iskenderun's Mystic   Conj/Tloc      56%        2d12      1%          4
d - Lee's Rapid Deconstr  Erth           9%         3d8*      24%         5
e - Vampiric Draining     Necr           9%         2d7       11%         3

Your spell library contained the following spells:

 Spells                   Type           Power      Damage    Failure   Level
 Static Discharge         Conj/Air       53%        N/A       1%          2
 Dazzling Flash           Conj/Hex       100%       N/A       1%          3
 Mephitic Cloud           Conj/Pois/Air  42%        N/A       1%          3
 Fulminant Prism          Conj/Hex       26%        3d14      1%          4
 Lightning Bolt           Conj/Air       26%        1d42      2%          5
 Animate Skeleton         Necr           38%        N/A       3%          1
 Pain                     Necr           76%        1d7       3%          1
 Call Imp                 Summ           19%        N/A       5%          2
 Maxwell's Capacitive Co  Air            9%         ∞         100%        8


Dungeon Overview and Level Annotations

Branches:
Dungeon (12/15)            Temple (1/1) D:5             Orc (0/2) D:11
Ossuary (visited)
   Lair: D:8-11

Altars:
Ashenzari
Cheibriados
Dithmenos
Elyvilon
Fedhas
Gozag
Hepliaklqana
Kikubaaqudgha
Makhleb
Nemelex Xobeh
Okawaru
Qazlal
Ru
Sif Muna
Trog
Uskayaw
Vehumet
Wu Jian
Xom
Yredelemnul
Zin
The Shining One
Jiyva

Shops:
D:6 *   D:8 [*   D:10 (

Annotations:
D:11 1 runed translucent door, Hyperion's ghost, journeyman VSIE


Message History

The centaur shoots an arrow.
The arrow closely misses you.
Fire: 61 sling bullets
Press: ? - help, Q - select action, (/) - cycle Shift-Dir - straight line, f/p - centaur
Aim: a centaur, wielding a +0 shortbow, wearing a +0 robe and quivering arrows (almost dead, 75% to hit)
You shoot a sling bullet.
The sling bullet hits the centaur but does no damage.
The centaur is almost dead.
The centaur shoots an arrow.
The arrow hits you.
The centaur shoots an arrow.
You block the arrow.
Fire: 60 sling bullets
Press: ? - help, Q - select action, (/) - cycle Shift-Dir - straight line, f/p - centaur
Aim: a centaur, wielding a +0 shortbow, wearing a +0 robe and quivering arrows (almost dead, 75% to hit)
You shoot a sling bullet. The centaur shouts!
The sling bullet hits the centaur but does no damage.
The centaur is almost dead.
The centaur shoots an arrow.
You block the arrow.
The centaur wields a +0 shortbow.
The centaur shoots an arrow.
The arrow hits you.
Fire: 59 sling bullets
Press: ? - help, Q - select action, (/) - cycle Shift-Dir - straight line, f/p - centaur
Aim: a centaur, wielding a +0 shortbow, wearing a +0 robe and quivering arrows (almost dead, 75% to hit)
You shoot a sling bullet.
The sling bullet hits the centaur but does no damage.
The centaur is almost dead.
The centaur shoots an arrow.
The arrow hits you!
The centaur shoots an arrow.
You block the arrow.
The centaur shoots an arrow.
The arrow hits you but does no damage.
Aiming: Searing Ray (safe; 1% risk of failure)
Press: ? - help, Q - select action, (/) - cycle Shift-Dir - straight line, f - centaur, p - centaur
Aim: a centaur, wielding a +0 shortbow and quivering arrows (90% to hit)
The searing ray hits the centaur!!
The centaur is almost dead. (Press . to maintain the ray.)
The centaur shoots an arrow.
The arrow completely misses you.
The centaur shoots an arrow.
The arrow hits you!
* * * LOW HITPOINT WARNING * * *
The centaur shoots an arrow.
The arrow hits you but does no damage.
The centaur shoots an arrow.
The arrow hits you!
You die...

#......## .......#
#......##
.##.......##
...........#
(c.........#
..........[#
>.c....@.#
........###
..#.......###
##........##
#.........####
♣..#.........#.##
..P..............#
....P.#..........####
P.....##............#


You could see 2 centaurs.

Vanquished Creatures
  A hydra (D:7)
  3 two-headed ogres
  The ghost of denis1488 the Fighter, a novice GrGl of Okawaru (D:8)
  Pikel (D:5)
  An ugly thing (D:7)
  A manticore (D:10)
  2 cyclopes
  Maurice (D:8)
  Maggie (D:8)
  A hornet (D:10)
  A troll (D:9)
  Sigmund (D:4)
  5 yaks
  A wraith (D:11)
  A basilisk (D:7)
  5 wyverns
  Grum (D:8)
  A steam dragon (D:7)
  Menkaure (D:6)
  An acid dragon (D:10)
  4 water moccasins
  2 orc warriors
  2 sky beasts
  A black bear (D:8)
  3 ice beasts
  6 centaurs
  3 wolves (D:8)
  4 lemures (D:5)
  A kobold brigand (D:10)
  4 wyvern zombies
  9 killer bees
  5 wights (D:9)
  5 howler monkeys
  6 centaur zombies
  A bullfrog zombie (D:7)
  2 gnoll shamans (D:7)
  A human zombie (Ossuary)
  5 hounds
  5 orc priests
  2 bullfrog skeletons (D:6)
  2 iguanas
  A centaur skeleton (D:7)
  A human skeleton (D:10)
  Natasha (thrice) (D:2)
  10 orc wizards
  A killer bee zombie (D:7)
  2 hound skeletons (D:4)
  3 mummies (Ossuary)
  2 howler monkey zombies
  Robin (D:2)
  7 gnolls
  9 adders
  A howler monkey skeleton (D:7)
  2 white imps
  An ufetubus (D:5)
  2 adder zombies (Ossuary)
  3 worms
  4 dart slugs
  34 orcs
  5 ball pythons
  7 bats
  7 endoplasms
  5 giant cockroaches
  12 goblins
  7 hobgoblins
  3 jackals (D:2)
  A quokka (D:3)
  4 frilled lizards
  5 goblin zombies
  10 kobolds
  5 kobold zombies (Ossuary)
  5 quokka zombies (Ossuary)
  3 rats
  2 rat zombies (Ossuary)
272 creatures vanquished.

Vanquished Creatures (others)
  A human (D:10)
  9 fungi
  7 plants (D:11)
17 creatures vanquished.

Grand Total: 289 creatures vanquished

Notes
Turn   | Place    | Note
-------+----------+-------------------------------------------
     0 | D:1      | Elvor the Deep Elf Conjurer began the quest for the Orb.
     0 | D:1      | Reached XP level 1. HP: 10/10 MP: 6/6
   151 | D:1      | Reached XP level 2. HP: 15/15 MP: 4/8
   156 | D:1      | Learned a level 2 spell: Searing Ray
   302 | D:1      | Found a faded altar of an unknown god.
   677 | D:1      | Reached skill level 5 in Conjurations
   866 | D:2      | Reached XP level 3. HP: 20/20 MP: 2/9
   868 | D:2      | Noticed Robin
  1034 | D:2      | Reached skill level 1 in Fighting
  1319 | D:2      | Noticed Natasha
  1323 | D:2      | Killed Natasha
  1324 | D:2      | Reached XP level 4. HP: 19/25 MP: 4/11
  1726 | D:2      | Noticed Natasha
  1729 | D:2      | Killed Natasha
  1730 | D:2      | Reached XP level 5. HP: 29/29 MP: 7/12
  1868 | D:2      | Killed Robin
  1869 | D:2      | Reached skill level 4 in Spellcasting
  2005 | D:2      | Noticed Natasha
  2009 | D:2      | Killed Natasha
  2830 | D:4      | Reached XP level 6. HP: 34/35 MP: 5/15
  2929 | D:4      | Reached skill level 5 in Spellcasting
  3123 | D:4      | Noticed Sigmund
  3154 | D:4      | Killed Sigmund
  3155 | D:4      | Reached XP level 7. HP: 26/40 MP: 0/17
  3203 | D:4      | Learned a level 4 spell: Iskenderun's Mystic Blast
  3305 | D:5      | Entered Level 5 of the Dungeon
  3366 | D:5      | Reached skill level 6 in Spellcasting
  3437 | D:5      | Found an ancient bone altar of Kikubaaqudgha.
  3497 | D:5      | Found a staircase to the Ecumenical Temple.
  3502 | Temple   | Entered the Ecumenical Temple
  3508 | Temple   | Became a worshipper of Vehumet
  3677 | D:5      | Found a stormy altar of Qazlal.
  3807 | D:5      | Reached skill level 1 in Armour
  3902 | D:5      | Noticed Pikel
  3915 | D:5      | Killed Pikel
  3916 | D:5      | Reached skill level 7 in Spellcasting
  3916 | D:5      | Reached XP level 8. HP: 38/46 MP: 2/21
  4113 | D:6      | Found Cuinykiu's Assorted Antiques.
  4127 | D:6      | Bought a scroll labelled WUSIGE DOBLA for 26 gold pieces
  4127 | D:6      | Bought a scroll labelled GOMMEHU GIOPS for 26 gold pieces
  4127 | D:6      | Bought a scroll labelled LASUIL CATZ for 26 gold pieces
  4137 | D:6      | Noticed Menkaure
  4335 | D:6      | Reached skill level 8 in Spellcasting
  4431 | D:6      | Found a sand-covered staircase.
  4438 | Ossuary  | Entered an ossuary
  4567 | Ossuary  | Reached * piety under Vehumet
  4567 | Ossuary  | Offered knowledge of Shock by Vehumet.
  4909 | D:6      | Killed Menkaure
  4956 | D:6      | Reached XP level 9. HP: 42/52 MP: 18/23
  5333 | D:6      | Bought a blackened filigree amulet for 130 gold pieces
  5648 | D:7      | Reached ** piety under Vehumet
  5649 | D:7      | Reached skill level 9 in Spellcasting
  6008 | D:7      | Offered knowledge of Poisonous Vapours by Vehumet.
  6254 | D:7      | Noticed a green ugly thing
  6270 | D:7      | Killed a green ugly thing
  6271 | D:7      | Reached skill level 5 in Stealth
  6271 | D:7      | Reached skill level 10 in Spellcasting
  6560 | D:7      | Noticed a two-headed ogre
  6587 | D:7      | Killed a two-headed ogre
  6588 | D:7      | Reached skill level 5 in Fighting
  6588 | D:7      | Reached XP level 10. HP: 47/59 MP: 19/26
  6605 | D:7      | Noticed a seven-headed hydra
  6614 | D:7      | Killed a seven-headed hydra
  6615 | D:7      | Reached skill level 11 in Spellcasting
  6615 | D:7      | Reached skill level 10 in Conjurations
  6713 | D:8      | Noticed Maggie
  6725 | D:8      | Killed Maggie
  6898 | D:8      | Offered knowledge of Inner Flame by Vehumet.
  6953 | D:8      | Found a broken altar of Ashenzari.
  6967 | D:8      | Noticed Grum
  6978 | D:8      | Reached skill level 5 in Dodging
  6978 | D:8      | Killed Grum
  7039 | D:8      | Found Rekk's Armour Emporium.
  7046 | D:8      | Found Emmuwing's General Store.
  7081 | D:8      | Noticed Maurice
  7090 | D:8      | Killed Maurice
  7091 | D:8      | Reached skill level 1 in Evocations
  7093 | D:8      | Found a runed translucent door.
  7104 | D:8      | Noticed denis1488's ghost (novice GrGl)
  7209 | D:8      | Killed denis1488's ghost
  7209 | D:8      | Reached *** piety under Vehumet
  7418 | D:9      | Found a shimmering blue altar of Sif Muna.
  7787 | D:9      | Reached XP level 11. HP: 64/64 MP: 25/28
  7804 | D:9      | Reached skill level 12 in Spellcasting
  7858 | D:9      | Identified the +4 hunting sling of Focus {flame, Int+3}
  8017 | D:10     | Entered Level 10 of the Dungeon
  8017 | D:10     | Found a runed translucent door.
  8020 | D:10     | Found a basalt altar of Yredelemnul.
  8021 | D:10     | Offered knowledge of Ignite Poison by Vehumet.
  8107 | D:10     | Noticed a two-headed ogre
  8117 | D:10     | Killed a two-headed ogre
  8228 | D:10     | Noticed a two-headed ogre
  8242 | D:10     | Killed a two-headed ogre
  8243 | D:10     | Reached skill level 1 in Throwing
  8359 | D:10     | Reached skill level 1 in Translocations
  8459 | D:10     | You are sucked into a shaft and drop 2 floors!
  8459 | D:12     | Noticed a skeletal warrior
  8459 | D:12     | Noticed a skeletal warrior
  8459 | D:12     | Noticed a skeletal warrior
  8460 | D:12     | Noticed a white ugly thing
  8713 | D:12     | Found a viscous altar of Jiyva.
  8760 | D:12     | Noticed a two-headed ogre
  8830 | D:11     | Found a runed translucent door.
  8911 | D:10     | Found an opulent altar of Gozag.
  8979 | D:10     | Reached **** piety under Vehumet
  8985 | D:10     | Offered knowledge of Lee's Rapid Deconstruction by Vehumet.
  8992 | D:10     | Learned a level 5 spell: Lee's Rapid Deconstruction
  8996 | D:10     | Learned a level 3 spell: Vampiric Draining
  9001 | D:10     | Found Roeng's Weapon Emporium.
  9198 | D:11     | Noticed Hyperion's ghost (journeyman VSIE)
  9212 | D:11     | Found a staircase to the Orcish Mines.
  9289 | D:11     | Reached skill level 1 in Shields
  9370 | D:11     | Reached skill level 13 in Spellcasting
  9441 | D:11     | Shot with an arrow by a centaur

Illustrated notes

Levels and vault maps discovered:
D:1:      erik_arrival_cave_to_civilisation [erik_arrival_cave_to_hall],
          layout_basic, dreamdust_ecumenical_altar_hidden_monk_grotto
D:2:      layout_basic, uniq_robin, uniq_natasha
D:3:      layout_loops_corners
D:4:      layout_cave_pools, uniq_sigmund
D:5:      layout_rooms, mainiacjoe_overflow_small_starburst,
          nicolae_qazlal_general_emergency,
          minmay_temple_entry_drinking_statues, feat_on_display, uniq_pikel
D:6:      layout_layer_cave, serial_shops, shop, enter_ossuary_3, uniq_menkaure
D:7:      minmay_slanted_spiral_squares, layout_loops_corners
D:8:      layout_rooms, kennysheep_mini_moat, ebering_ghost_reflecting_pool,
          serial_shops, nicolae_take_the_stairs, nicolae_stop_n_shop_1,
          uniq_maurice, uniq_maggie, uniq_grum
D:9:      layout_irregular_city, mainiacjoe_overflow_catwalk,
          ebering_dispersal_statue_hall
D:10:     layout_roguey, dk_yredelemnul_ordeal, nicolae_gozag_seed_capital,
          serial_shops, nicolae_shop_behind_doors
D:11:     layout_cave_pools, minmay_lair_entry_grove,
          hellmonk_ghost_happy_afterlife
D:12:     layout_loops_ring, jiyva_altar_1
Temple:   eino_temple_rhombus

Skill      XL: |  1  2  3  4  5  6  7  8  9 10 11 |
---------------+----------------------------------+-----
Conjurations   | 5 6 8 9 10 11 | 11.5
Fighting       | 1 2 3 5 6 7 |  7.1
Stealth        | 3 4 5 6 |  6.7
Spellcasting   | 4 5 7 8 10 11 13 | 13.0
Dodging        | 3 4 5 6 |  6.7
Armour         | 2 3 4 |  4.0
Evocations     | 1 2 |  2.3
Throwing       | 2 |  2.9
Translocations | 1 |  1.5
Shields        | 1 |  1.3
Short Blades   | |  0.5

Action                   |  1- 3 |  4- 6 |  7- 9 | 10-12 || total
-------------------------+-------+-------+-------+-------++-------
Melee: Dagger            |     6 |    11 |     2 |     7 ||    26
 Fire: Hunting sling     |       |       |       |     5 ||     5
Throw: Dart              |       |       |       |    22 ||    22
 Cast: Magic Dart        |    44 |    69 |    47 |    13 ||   173
       Searing Ray       |     5 |    19 |    71 |    85 ||   180
       Iskenderun's Myst |       |       |     1 |     6 ||     7
Evoke: Wand              |       |       |     2 |    11 ||    13
  Use: Scroll            |       |       |     9 |     2 ||    11
       Potion            |       |       |     1 |     2 ||     3
 Stab: Sleeping          |       |       |     1 |       ||     1
Armor: Leather armour    |       |     2 |    14 |       ||    16
       Steam dragon scal |       |       |    11 |    39 ||    50
Dodge: Dodged            |     6 |     9 |    42 |   111 ||   168
Block: Buckler           |       |       |       |    23 ||    23
